 Dungeon Crawl Stone Soup version bcrawl-1.21.3-1-g0d72ed7573 (webtiles) character file.

Game seed: 7308156649843834921

14089 Mehrunes the Protected (level 12, -12/106 (107) HPs)
             Began as a Hill Orc Martial Artist on Apr 15, 2020.
             Was a High Priest of Wu Jian.
             Killed from afar by an ice dragon (24 damage)
             ... with a blast of cold
             ... in an ice cave.
             The game lasted 00:39:34 (12987 turns).

Mehrunes the Protected (Hill Orc Martial Artist)   Turns: 12987, Time: 00:39:35

HP:   -12/106 (107) AC: 26    Str: 20    XL:     12   Next: 12%
MP:   13/13         EV: 10    Int:  9    God:    Wu Jian [*****.]
Gold: 1032          SH:  0    Dex: 13    Spells: 12/13 levels left

rFire    . . .     SeeInvis .   u - +0 battleaxe
rCold    . . .     Gourm    .   (shield currently unavailable)
rNeg     . . .     Faith    .   q - +0 plate armour
rPois    .         Spirit   .   L - +1 helmet
rElec    .         Reflect  .   (no cloak)
rCorr    .         Harm     .   h - +0 pair of gloves
MR       .....                  g - +2 pair of boots
Stlth    ..........             (no amulet)
HPRegen  0.27/turn              m - +3 ring of protection
MPRegen  0.13/turn              (no ring)

@: exhausted, glowing, lightly drained, heavenly storm
A: no striking features
a: Wall Jump, Serpent's Lash, Heavenly Storm, Renounce Religion


You were in an ice cave.
You worshipped Wu Jian.
Wu Jian was extremely pleased with you.
You were hungry.

You visited 2 branches of the dungeon, and saw 12 of its levels.
You also visited: Ice Cave.

You collected 1032 gold pieces.

Inventory:

Hand Weapons
 k - a +4 spear of flaming
 n - a +0 scimitar
 u - a +0 battleaxe (weapon)
 F - a +0 dire flail
 G - a +2 trident of freezing
 O - the +7 Spriggan's Knife {stab, EV+4 Stlth+}
   (You found it on level 7 of the Dungeon)

   It affects your evasion (+4).
   It makes you more stealthy.
Missiles
 v - 325 tomahawks (quivered)
 Q - a throwing net {!f}
Armour
 g - a +2 pair of boots (worn)
 h - a +0 pair of gloves (worn)
 q - a +0 plate armour (worn)
 L - a +1 helmet (worn)
Jewellery
 j - an uncursed ring of magical power {unknown}
 m - a +3 ring of protection (left hand)
 r - a -2 ring of dexterity
 K - a +5 ring of intelligence {unknown}
 R - an uncursed ring of resist corrosion {unknown}
Wands
 a - a wand of paralysis (7)
 I - a wand of iceblast (15)
Scrolls
 l - 7 scrolls of identify {unknown}
 p - 2 scrolls of fear {unknown}
 s - 6 scrolls of teleportation {unknown}
 t - 2 scrolls of amnesia {unknown}
 w - a scroll of silence {unknown}
 x - a scroll of enchant weapon {unknown}
 y - 6 scrolls of remove curse
 z - a scroll of noise {unknown}
 C - 2 scrolls of enchant armour {unknown}
 D - 2 scrolls of magic mapping
 H - a scroll of immolation {unknown}
 M - a scroll of summoning {unknown}
 T - 2 scrolls of fog {unknown}
Potions
 b - 3 potions of agility
 c - 2 potions of invisibility {unknown}
 d - a potion of brilliance {unknown}
 f - 3 potions of haste {unknown}
 i - a potion of degeneration {unknown}
 o - 4 potions of lignification {unknown}
 A - a potion of ambrosia {unknown}
 B - a potion of mutation {unknown}
 E - a potion of heal wounds {unknown}
 J - a potion of might {unknown}
 N - a potion of berserk rage {unknown}
 P - a potion of resistance {unknown}
 S - a potion of curing {unknown}
 U - a potion of flight {unknown}
Comestibles
 e - 25 rations {!d}


   Skills:
 + Level 10.5(10.1) Fighting
   Level 10.5(10.1) Short Blades
   Level 10.5(10.1) Long Blades
   Level 10.5(10.1) Axes
   Level 10.5(10.1) Maces & Flails
   Level 10.5(10.1) Polearms
   Level 10.5(10.1) Staves
 + Level 12.9(12.5) Armour
 + Level 7.8(7.5) Dodging
 - Level 0.8(0.5) Stealth
   Level 10.5(10.1) Unarmed Combat
 - Level 1.0(0.7) Spellcasting
 - Level 1.0(0.7) Hexes


You had 12 spell levels left.
You knew the following spells:

 Your Spells              Type           Power        Failure   Level  Hunger
a - Confusing Touch       Hex            #.......     99%         1    ##.....

Your spell library contained the following spells:

 Spells                   Type           Power        Failure   Level  Hunger
 Throw Frost              Conj/Ice       #.....       95%         2    ###....
 Corona                   Hex            #......      99%         1    ##.....
 Freeze                   Ice            #.....       99%         1    ##.....
 Ensorcelled Hibernation  Hex/Ice        #.....       100%        2    ###....
 Confuse                  Hex            #.......     100%        3    ####...
 Dazzling Spray           Conj/Hex       #.....       100%        3    ####...
 Ozocubu's Armour         Chrm/Ice       #.......     100%        3    ####...
 Tukima's Dance           Hex            #.......     100%        3    ####...
 Summon Ice Beast         Ice/Summ       #.......     100%        4    #####..
 Throw Icicle             Conj/Ice       #.......     100%        4    #####..


Dungeon Overview and Level Annotations

Branches:
Dungeon (11/12)            Temple (0/1) D:5            Lair (1/6) D:7
    Orc: D:8-11      Vaults: D:11-12

Altars:
Cheibriados
Dithmenos
Elyvilon
Fedhas
Gozag
Hepliaklqana
Lugonu
Makhleb
Nemelex Xobeh
Okawaru
Qazlal
Sif Muna
Uskayaw
Zin

Shops:
D:6 ?   D:8 *

Annotations:
D:6 2 transporters
D:9 3 runed translucent doors, PgLoLo's ghost, novice GnTm


Message History

You spin and attack the ice dragon.
You hit the ice dragon but do no damage.
The ice dragon is heavily wounded.
You spin and attack the ice dragon.
You hit the ice dragon.
The ice dragon is moderately wounded.
The ice dragon closely misses you.
The ice dragon claws you but does no damage.
The ice dragon tramples you!
You hold your ground!
The ice dragon bites you!
* * * LOW HITPOINT WARNING * * *
The ice dragon claws you.
* * * LOW HITPOINT WARNING * * *
The ice dragon tramples you!
* * * LOW HITPOINT WARNING * * *
You hold your ground!
You spin to attack the ice dragon, but your attack speed is too slow for a blow to land.
You spin and attack the ice dragon.
You completely miss the ice dragon.
The ice dragon is moderately wounded.
The ice dragon breathes frost at you. The blast of cold hits you!!
You die...

...# #$".
##.####
#$=$#
##...#
##=$..
##..#
#$$...##
#.##
#$.....#
##.#
#$...☼§#
##.##
#$$.☼§§##
#.#.#
#$$$§§D§#
##..#
#@D# ##.#
##☼# #..#
##§§#
##.##
#§§☼#
#..#
#####..#
##.##
##...#.##
#.#.#
#..#...#
##.##
##.##..#
#..##
#..#.##


You could see 2 ice dragons.

Vanquished Creatures
  A two-headed ogre (D:10)
  A cyclops (D:10)
  A centaur zombie (D:10)
  2 ice statues (IceCv)
  2 rime drakes (IceCv)
  2 ice devils (Lair:1)
  3 trolls
  A hornet (D:8)
  A hippogriff (D:9)
  6 slime creatures
  Sigmund (D:4)
  Eustachio (D:4)
  2 wyverns
  10 yaks
  A hungry ghost (D:9)
  An acid dragon (D:10)
  An orc warrior (D:9)
  A necrophage (D:10)
  16 ice beasts
  A phantom (D:9)
  2 sky beasts
  A black bear (D:8)
  6 centaurs
  An eye of draining (D:10)
  5 ogres
  A big kobold (D:9)
  6 bullfrogs
  A gnoll sergeant (D:8)
  7 scorpions
  12 killer bees
  4 howler monkeys (D:8)
  A wight (D:5)
  An electric eel (D:9)
  2 vampire bats (D:3)
  6 crimson imps
  4 jellies
  A quasit (D:7)
  2 bullfrog skeletons
  3 hounds
  8 orc priests
  2 centaur skeletons
  4 iguanas
  Terence (D:2)
  4 orc wizards
  9 worker ants
  Natasha (thrice) (D:3)
  A hound zombie (D:5)
  3 hound skeletons
  2 worker ant zombies
  Robin (D:3)
  7 gnolls
  13 adders
  2 shadow imps
  4 oozes
  An adder zombie (D:8)
  An adder skeleton (D:4)
  5 worms
  5 dart slugs
  3 leopard geckos
  27 orcs
  2 ball pythons (D:4)
  13 bats
  3 giant cockroaches
  13 goblins
  13 hobgoblins
  25 jackals
  18 kobolds
  7 quokkas
  2 frilled lizards
  A jackal zombie (D:6)
  A quokka skeleton (D:4)
  4 rats
329 creatures vanquished.

Vanquished Creatures (others)
  An adder (D:10)
  3 plants (D:9)
4 creatures vanquished.

Grand Total: 333 creatures vanquished

Notes
Turn   | Place    | Note
-------+----------+-------------------------------------------
     0 | D:1      | Mehrunes the Hill Orc Martial Artist began the quest for
                  | the Orb.
     0 | D:1      | Reached XP level 1. HP: 18/18 MP: 2/2
    75 | D:1      | Reached skill level 1 in Armour
    85 | D:1      | Reached XP level 2. HP: 22/25 MP: 3/3
   656 | D:1      | Reached XP level 3. HP: 18/30 MP: 4/4
   933 | D:1      | Reached skill level 2 in Armour
  1331 | D:2      | Found a hide-covered altar of Uskayaw.
  1336 | D:2      | Noticed Terence
  1536 | D:2      | Reached ** piety under Wu Jian
  1578 | D:2      | Killed Terence
  1578 | D:2      | Reached XP level 4. HP: 20/38 MP: 5/5
  1817 | D:2      | Reached skill level 3 in Armour
  1916 | D:2      | Reached XP level 5. HP: 45/45 MP: 6/6
  2952 | D:2      | Found a corrupted altar of Lugonu.
  3016 | D:3      | Noticed Robin
  3045 | D:3      | Killed Robin
  3045 | D:3      | Reached skill level 4 in Armour
  3160 | D:3      | Reached XP level 6. HP: 47/52 MP: 7/7
  3167 | D:3      | Noticed Natasha
  3184 | D:3      | Killed Natasha
  3278 | D:3      | Noticed Natasha
  3287 | D:3      | Killed Natasha
  3335 | D:2      | Reached *** piety under Wu Jian
  3795 | D:3      | Reached skill level 5 in Armour
  3797 | D:3      | Reached XP level 7. HP: 60/60 MP: 8/8
  3879 | D:3      | Noticed Natasha
  3884 | D:3      | Killed Natasha
  3904 | D:3      | Found an iron altar of Okawaru.
  3937 | D:3      | Reached skill level 5 in Fighting
  4455 | D:4      | Reached skill level 6 in Armour
  4599 | D:4      | Reached **** piety under Wu Jian
  4615 | D:4      | Noticed Eustachio
  4636 | D:4      | Killed Eustachio
  4751 | D:4      | Found a shimmering blue altar of Sif Muna.
  4766 | D:4      | Found a blossoming altar of Fedhas.
  4766 | D:4      | Found a snail-covered altar of Cheibriados.
  4788 | D:4      | Noticed Sigmund
  4789 | D:4      | Found a burning altar of Makhleb.
  4805 | D:4      | Killed Sigmund
  4805 | D:4      | Reached XP level 8. HP: 59/70 MP: 9/9
  4869 | D:4      | Found a shadowy altar of Dithmenos.
  5032 | D:5      | Entered Level 5 of the Dungeon
  5070 | D:5      | Reached skill level 7 in Armour
  5455 | D:5      | Found a stormy altar of Qazlal.
  5671 | D:5      | Found a staircase to the Ecumenical Temple.
  5747 | D:5      | Reached skill level 8 in Armour
  5938 | D:5      | Found a stormy altar of Qazlal.
  6022 | D:5      | Found a sparkling altar of Nemelex Xobeh.
  6023 | D:5      | Found an opulent altar of Gozag.
  6170 | D:6      | Reached XP level 9. HP: 79/79 MP: 10/10
  6201 | D:6      | Found a white marble altar of Elyvilon.
  6230 | D:6      | Found a glowing silver altar of Zin.
  6230 | D:6      | Noticed an eight-headed hydra
  6231 | D:6      | Found a hazy altar of Hepliaklqana.
  6231 | D:6      | Noticed a death knight
  6232 | D:6      | Found a transporter.
  6385 | D:6      | Found Huesufeb's Magic Scroll Emporium.
  6557 | D:6      | Reached skill level 9 in Armour
  6612 | D:6      | Found a transporter.
  6807 | D:6      | Reached ***** piety under Wu Jian
  6856 | D:7      | Found a blossoming altar of Fedhas.
  7201 | D:7      | Found the +7 Spriggan's Knife {stab, EV+4 Stlth+}
  7427 | D:7      | Found a staircase to the Lair.
  8183 | D:8      | Reached skill level 10 in Armour
  8239 | D:8      | Reached XP level 10. HP: 85/88 MP: 11/11
  8683 | D:8      | Reached skill level 5 in Dodging
  8881 | D:8      | Found Ekhlymp's General Store.
  9170 | D:9      | Reached skill level 11 in Armour
  9212 | D:8      | HP: 3/91 [slime creature (11)]
  9616 | D:9      | Reached XP level 11. HP: 78/97 MP: 12/12
 10092 | D:9      | Found a runed translucent gate.
 10092 | D:9      | Found a runed translucent gate.
 10092 | D:9      | Found a runed translucent gate.
 10092 | D:9      | Noticed an 11-headed hydra
 10093 | D:9      | Noticed PgLoLo's ghost (novice GnTm)
 10561 | D:10     | Entered Level 10 of the Dungeon
 10709 | D:10     | Reached skill level 12 in Armour
 10906 | D:10     | Noticed a cyclops
 10920 | D:10     | Killed a cyclops
 11031 | D:10     | Reached skill level 10 in Fighting
 11453 | D:10     | Noticed a two-headed ogre
 11468 | D:10     | Killed a two-headed ogre
 11720 | Lair:1   | Entered Level 1 of the Lair of Beasts
 11731 | Lair:1   | Found a frozen archway.
 11880 | IceCv    | Entered an ice cave
 11994 | IceCv    | Reached XP level 12. HP: 47/106 MP: 13/13
 12980 | IceCv    | Noticed an ice dragon
 12980 | IceCv    | Noticed an ice dragon
 12987 | IceCv    | Killed from afar by an ice dragon

Skill      XL: |  1  2  3  4  5  6  7  8  9 10 11 |
---------------+----------------------------------+-----
Armour         | 1 2 3 4 5 6 8 10 11 12 | 12.9
Fighting       | 3 4 5 7 8 9 10 | 10.5
Dodging        | 4 5 7 |  7.8
Short Blades   | | 10.5
Long Blades    | | 10.5
Axes           | | 10.5
Maces & Flails | | 10.5
Polearms       | | 10.5
Staves         | | 10.5
Stealth        | |  0.8
Unarmed Combat | | 10.5
Spellcasting   | |  1.0
Hexes          | |  1.0

Action                   |  1- 3 |  4- 6 |  7- 9 | 10-12 || total
-------------------------+-------+-------+-------+-------++-------
Melee: Unarmed           |    30 |       |       |       ||    30
       Club              |    45 |       |       |       ||    45
       Short sword       |    78 |       |       |       ||    78
       Hand axe          |    16 |   166 |       |       ||   182
       Punch             |     1 |     3 |     8 |    11 ||    23
       Flail             |       |    50 |       |       ||    50
       Spear             |       |    74 |   149 |       ||   223
       Dire flail        |       |       |    31 |       ||    31
       Trident           |       |       |   271 |   522 ||   793
       Scimitar          |       |       |    41 |       ||    41
       Battleaxe         |       |       |       |   116 ||   116
Invok: Lunge             |     6 |    18 |    29 |    23 ||    76
       Whirlwind         |     2 |   167 |   238 |   299 ||   706
       Heavenly Storm    |       |       |     1 |     3 ||     4
 Abil: Wall Jump         |    16 |     7 |     3 |     4 ||    30
       Serpent's Lash    |       |     1 |     9 |    15 ||    25
  Use: Scroll            |       |     2 |       |       ||     2
  Eat: Chunk             |     2 |     8 |    15 |     8 ||    33
       Ration            |       |       |       |     3 ||     3
Armor: Robe              |    36 |       |       |       ||    36
       Leather armour    |    12 |     4 |       |       ||    16
       Ring mail         |       |   146 |       |       ||   146
       Plate armour      |       |    25 |   354 |   378 ||   757
Dodge: Dodged            |    92 |   172 |   144 |   244 ||   652
Block: Other             |       |       |     6 |       ||     6
